AoeStats
← ErCoChino

African Clearing

510384628Analyzed
4v4 RM · 16h ago on Sep 30, 2026· 89m 53s· 8 players
Game mode
Random Map
Map size
Large (8 player)
Population
200
Speed
Normal
Resources
Standard
Victory
Conquest
Starting age
Dark Age
Ending age
Imperial Age
RankedLock teamsTeams togetherTeam positionsShared explorationLock speedFull tech treeHidden civsTurbo modeCheats
Victory
Defeat
🇺🇸 Koreans · United States
1042
+14
🇹🇼 Danes · Taiwan
989
+16
🇨🇦 Malay · Canada
982
+16
🇺🇸 Huns · United States
919
+19
🇫🇷 Gurjaras · France
1047
-18
🇧🇷 Saracens · Brazil
1032
-18
🇧🇷 Franks · Brazil
949
-15
🇬🇧 Koreans · United Kingdom
924
-14
BLOO
6:58 Loom
9:23 Loom
14:45 Feudal Age
14:55 Man-at-Arms
18:38 Fletching
26:17 Castle Age
25:57 Double-Bit Axe
25:54 Horse Collar
27:07 Bodkin Arrow
27:29 Bow Saw
28:08 Scale Mail Armor
29:21 Chain Mail Armor
31:14 Ballistics
30:52 Gold Mining
31:03 Stone Mining
32:16 Squires
33:32 Wheelbarrow
35:47 Stone Shaft Mining
35:52 Gold Shaft Mining
35:43 Murder Holes
41:49 Imperial Age
39:51 Eupseong
40:44 Treadmill Crane
41:15 Masonry
42:09 Hand Cart
42:10 Forging
42:35 Town Watch
42:59 Bracer
43:05 Husbandry
43:22 Arrowslits
45:59 Pikeman
48:12 Chemistry
48:36 Conscription
50:11 Two-Man Saw
51:10 Architecture
51:19 Elite Fire Lancer
52:48 Guilds
53:40 Plate Mail Armor
54:17 Halberdier
54:44 Arson
56:47 Iron Casting
56:36 Elite Skirmisher
57:22 Thumb Ring
58:04 Town Patrol
64:28 Coinage
65:46 Heavy Plow
69:20 Elite War Wagon
83:06 Long Swordsman
86:31 Two-Handed Swordsman
87:35 Champion
Starman
7:55 Loom
14:33 Feudal Age
15:07 Double-Bit Axe
15:04 Horse Collar
20:51 Castle Age
19:15 Stone Mining
22:26 Forging
22:22 Scale Barding Armor
22:30 Bloodlines
22:21 Husbandry
27:02 Wheelbarrow
29:13 Marauders
29:20 Gold Mining
33:19 Gold Shaft Mining
32:51 Heavy Plow
33:06 Bow Saw
33:32 Hand Cart
34:05 Iron Casting
33:17 Pikeman
33:58 Squires
35:00 Town Watch
43:54 Imperial Age
47:29 Imperial Age
53:32 Conscription
55:06 Blast Furnace
57:04 Two-Man Saw
56:53 Elite Tarkan
72:17 Halberdier
73:29 Scale Mail Armor
73:50 Chain Barding Armor
75:23 Caravan
88:12 Spies/Treason
Swordfish
3:26 Loom
17:10 Feudal Age
17:56 Horse Collar
19:23 Wheelbarrow
23:51 Castle Age
22:39 Gold Mining
23:01 Forging
22:48 Fishing Lines
24:31 Pikeman
27:40 Scale Barding Armor
27:59 Squires
29:42 Double-Bit Axe
33:21 Husbandry
34:49 Hand Cart
37:21 Stone Mining
38:17 Heavy Plow
41:46 Iron Casting
42:38 Fletching
45:20 Imperial Age
42:48 Arson
43:52 Ballistics
44:14 Halberdier
45:59 Murder Holes
45:29 Capped Ram
49:40 Town Watch
50:30 Bow Saw
51:05 Elite Battle Elephant
57:56 Chemistry
59:06 Siege Engineers
62:07 Forced Levy
65:53 Heavy Scorpion
70:09 Bodkin Arrow
71:15 Blast Furnace
70:58 Man-at-Arms
73:22 Light Cavalry
73:38 Long Swordsman
75:55 Two-Handed Swordsman
86:02 Gold Shaft Mining
87:44 Padded Archer Armor
87:46 Bracer
YJHAN
3:21 Loom
17:08 Feudal Age
17:45 Town Watch
21:09 Man-at-Arms
22:35 Arson
41:48 Double-Bit Axe
42:11 Horse Collar
50:02 Castle Age
56:11 Imperial Age
54:21 Wheelbarrow
53:46 Town Patrol
54:30 Bow Saw
54:24 Heavy Plow
54:47 Masonry
58:42 Conscription
58:19 Fishing Lines
60:25 Forging
60:41 Gillnets
60:32 Hamask
61:43 Scale Mail Armor
62:46 Elite Jomsviking
63:45 Chain Mail Armor
63:58 Hand Cart
64:46 Iron Casting
65:34 Plate Mail Armor
67:41 Blast Furnace
73:55 Elite Varangian Guard
74:36 Squires
74:04 Pikeman
75:02 Halberdier
filipellopes
15:28 Feudal Age
16:45 Loom
21:36 Castle Age
22:34 Double-Bit Axe
22:54 Husbandry
23:02 Scale Barding Armor
26:40 Chain Barding Armor
33:56 Forging
35:20 Bow Saw
37:10 Iron Casting
37:55 Wheelbarrow
42:45 Imperial Age
44:36 Imperial Age
42:36 Hand Cart
43:12 Town Watch
45:48 Conscription
46:06 Hoardings
45:20 Cavalier
48:18 Plate Barding Armor
48:44 Blast Furnace
50:28 Gold Mining
52:47 Town Patrol
55:28 Ballistics
57:00 Paladin
62:40 Elite Skirmisher
63:12 Fletching
63:23 Padded Archer Armor
66:54 Bodkin Arrow
67:15 Leather Archer Armor
71:30 Scale Mail Armor
ErCoChino
4:29 Loom
16:48 Feudal Age
18:38 Wheelbarrow
17:48 Town Watch
18:28 Fletching
23:13 Castle Age
22:08 Horse Collar
30:44 Heavy Plow
37:24 Hand Cart
39:23 Double-Bit Axe
41:30 Town Patrol
42:00 Bow Saw
41:43 Gold Mining
54:02 Gold Shaft Mining
53:17 Stone Mining
55:26 Town Patrol
56:47 Bodkin Arrow
56:55 Elite Skirmisher
62:08 Imperial Age
63:18 Shinkichon
62:26 Heavy Rocket Cart
63:12 Bracer
64:22 Two-Man Saw
64:21 Conscription
64:35 Ballistics
65:45 Siege Engineers
66:41 Chemistry
65:38 Murder Holes
65:31 Pikeman
66:12 Squires
67:19 Forging
67:09 Scale Mail Armor
67:35 Halberdier
69:12 Iron Casting
72:21 Treadmill Crane
75:30 Chain Mail Armor
76:48 Plate Mail Armor
Renannve
5:08 Loom
8:19 Loom
14:26 Feudal Age
18:17 Wheelbarrow
19:46 Castle Age
26:03 Husbandry
35:23 Wheelbarrow
35:03 Double-Bit Axe
35:52 Horse Collar
39:19 Light Cavalry
45:42 Heavy Plow
46:53 Forging
47:32 Bow Saw
48:47 Iron Casting
52:23 Imperial Age
50:50 Scale Mail Armor
51:27 Hand Cart
51:29 Scale Barding Armor
50:48 Man-at-Arms
52:16 Bloodlines
52:47 Chain Mail Armor
52:23 Arson
54:09 Chemistry
53:16 Gold Mining
53:50 Hussar
54:57 Chain Barding Armor
55:28 Conscription
55:29 Heavy Camel Rider
56:58 Gold Shaft Mining
59:46 Blast Furnace
59:24 Plate Barding Armor
62:40 Pikeman
Bug Spencer
4:23 Loom
13:42 Feudal Age
20:18 Castle Age
18:38 Double-Bit Axe
18:39 Horse Collar
18:54 Gold Mining
21:29 Town Watch
24:42 Wheelbarrow
24:34 Bloodlines
24:24 Husbandry
27:07 Forging
26:20 Light Cavalry
29:42 Bow Saw
29:44 Heavy Plow
30:10 Scale Barding Armor
31:17 Chain Barding Armor
31:33 Iron Casting
38:17 Imperial Age
37:57 Hand Cart
37:54 Scale Mail Armor
38:33 Hussar
39:50 Plate Barding Armor
38:52 Heavy Camel Rider
41:59 Fletching
42:45 Bodkin Arrow
50:03 Bracer
50:25 Ballistics
50:16 Masonry
51:24 Conscription
51:11 Kshatriyas
51:33 Conscription
51:30 Siege Elephant
52:51 Coinage
53:43 Frontier Guards
54:20 Elite Chakram Thrower
55:23 Chain Mail Armor
56:45 Plate Mail Armor
66:42 Banking
66:51 Caravan
67:24 Architecture
67:55 Chemistry
67:34 Hoardings
Connection lost

Rejoining the realm…

Still unreachable

The connection could not be restored.

Session expired

The server has moved on; the page needs a fresh start.